 Dungeon Crawl Stone Soup version 0.29-a0-284-gf9362112df (webtiles) character file.

Game seed: 14810100159441706091

130 sammy202020 the Skirmisher (level 5, -7/50 HPs)
             Began as a Naga Fighter on Mar 20, 2022.
             Mangled by an orc
             ... wielding a +0 war axe
              (9 damage)
             ... on level 3 of the Dungeon.
             The game lasted 00:03:16 (2393 turns).

sammy202020 the Skirmisher (Naga Fighter)           Turns: 2393, Time: 00:03:17

Health: -7/50      AC:  5    Str: 18    XL:     5   Next: 13%
Magic:  5/5        EV:  7    Int: 11    God:
Gold:   100        SH:  4    Dex: 10    Spells: 4/4 levels left

rFire   . . .      SeeInvis +   a - +0 trident
rCold   . . .      Faith    .   c - +0 buckler
rNeg    . . .      Spirit   .   b - +0 scale mail
rPois   +          Reflect  .   (no helmet)
rElec   .          Harm     .   (no cloak)
rCorr   .          Rampage  .   (no gloves)
Will    .....                   (no barding)
Stlth   ..........              (no amulet)
HPRegen 0.16/turn               (no ring)
MPRegen 0.09/turn               (no ring)

@: mighty, very slow
A: AC +1, large, see invisible, deformed body, poison resistance, slowness 2,
spit poison 1, naga tail 1
a: Spit Poison


You were on level 3 of the Dungeon.
You visited 1 branch of the dungeon, and saw 3 of its levels.

You collected 100 gold pieces.

Inventory:

Hand Weapons
 a - a +0 trident (weapon)
Armour
 b - a +0 scale mail (worn)
 c - a +0 buckler (worn)
Scrolls
 e - 2 scrolls of teleportation {unknown}
 f - a scroll of immolation {unknown}
 i - 5 scrolls of identify {unknown}
 j - a scroll of fear {unknown}
 k - 2 scrolls of magic mapping {unknown}
 l - a scroll of fog {unknown}
 m - a scroll of vulnerability {unknown}
 n - a scroll of enchant weapon {unknown}
Potions
 g - a potion of degeneration {unknown}
 h - a potion of mutation {unknown}
 o - a potion of cancellation {unknown}


   Skills:
 * Level 3.7 Fighting
 * Level 3.0 Polearms
 * Level 3.0 Armour
 + Level 0.9 Dodging
 * Level 3.0 Shields


You had 4 spell levels left.
You didn't know any spells.
Your spell library was empty.

Dungeon Overview and Level Annotations

Branches:
Dungeon (3/15)

Altars:
Nemelex Xobeh
Wu Jian


Innate Abilities, Weirdness & Mutations

Your serpentine skin is tough. (AC +1)
You have supernaturally acute eyesight. (SInv)
Armour fits poorly on your strangely shaped body.
Your system is resistant to poisons. (rPois)
You cover ground very slowly.
You can spit poison.
You have a snake-like lower body.


Message History

You miss the adder.
The adder is severely wounded.
You feel sick. The adder barely misses you.
The adder bites you but does no damage.
You are too injured to fight recklessly!
You are too injured to fight recklessly!
You are too injured to fight recklessly!
You are too injured to fight recklessly!
You are too injured to fight recklessly!
You are too injured to fight recklessly!
You are too injured to fight recklessly!
You are too injured to fight recklessly!
You are too injured to fight recklessly!
You miss the adder.
The adder is severely wounded.
You feel sick. The adder bites you.
You are more poisoned.
The adder poisons you!
You miss the adder.
The adder is severely wounded.
You feel sick. You block the adder's attack. The adder closely misses you.
You closely miss the adder.
The adder is severely wounded.
You feel sick. The adder bites you.
* * * LOW HITPOINT WARNING * * *
The adder bites you.
* * * LOW HITPOINT WARNING * * *
The adder attacks as you move away! The adder closely misses you.
You feel sick.
You see here an adder corpse.
You puncture the adder!
You kill the adder!
You feel sick.
You feel sick.
You are no longer poisoned.
The orc hits you with a +0 war axe.
* * * LOW HITPOINT WARNING * * *
You see here an adder corpse.
The orc hits you with a +0 war axe!
You die...

#.....#.# ########
#.....#.##########....
#.....#.#........<..##
#####.#........###.##.
#.###......# #.#.. #.#
#...[..# #....
#.###.....## #..8.
#.#.......# #....
#@#...##### #....
#o#...# ##... #o#...#
#.8. #.##### #...
#####g# ##.. #...gg###
##. #...ogg.# ##
#.......# #.......#


You could see an orc wizard (invisible), 3 gnolls, 2 orcs and 2 hobgoblins.

Vanquished Creatures
  An orc wizard (D:3)
  4 adders
  3 worms
  2 dart slugs
  5 endoplasms
  2 giant cockroaches
  4 hobgoblins
  7 jackals (D:2)
  2 quokkas
  9 ball pythons
  4 bats
  2 frilled lizards
  6 goblins
  5 kobolds
  3 rats
59 creatures vanquished.

Notes
Turn   | Place    | Note
-------+----------+-------------------------------------------
     0 | D:1      | sammy202020 the Naga Fighter began the quest for the Orb.
     0 | D:1      | Reached XP level 1. HP: 21/21 MP: 1/1
   351 | D:1      | Reached XP level 2. HP: 16/28 MP: 2/2
   632 | D:1      | Found a faded altar of an unknown god.
   885 | D:1      | Reached XP level 3. HP: 34/34 MP: 3/3
  1025 | D:2      | Found an ornate altar of the Wu Jian Council.
  1503 | D:2      | Reached XP level 4. HP: 40/42 MP: 4/4
  2160 | D:3      | Found a sparkling altar of Nemelex Xobeh.
  2373 | D:3      | Reached XP level 5. HP: 30/50 MP: 5/5
  2390 | D:3      | HP: 1/50 [orc/+0 war axe (5)]
  2393 | D:3      | Mangled by an orc

Illustrated notes

Levels and vault maps discovered:
D:1:      dpeg_arrival_chambers_temple_mockup, layout_rooms,
          hellmonk_ecumenical_altar_pennies_from_heaven, minmay_cupped
D:2:      layout_basic, basic_altar
D:3:      layout_basic, nemelex_xobeh_ov_fountains_minmay, grunt_ministairs_10

Skill      XL: |  1  2  3  4 |
---------------+-------------+-----
Polearms       | 3 |  3.0
Armour         | 3 |  3.0
Shields        | 3 |  3.0
Fighting       | |  3.7
Dodging        | |  0.9

Action                   |  1- 3 |  4- 6 || total
-------------------------+-------+-------++-------
Melee: Trident           |   121 |    58 ||   179
 Abil: Spit Poison       |     7 |     8 ||    15
  Use: Potion            |       |     1 ||     1
Armor: Scale mail        |    56 |    29 ||    85
Dodge: Dodged            |    40 |    19 ||    59
Block: Buckler           |    29 |     9 ||    38

Table legend: (Time is in decaauts)
 A = Elapsed time spent in this place.
 B = Non-inter-level travel time spent in this place.
 C = Inter-level travel time spent in this place.
 D = Time resting spent in this place.
 E = Time spent auto-exploring this place.
 F = Levels seen in this place.
 G = Mean time per level.
                   A        B        C        D        E       F      G
               +--------+--------+--------+--------+--------+-----+--------+
         Total |   2957 |   2950 |      7 |      0 |   2383 |   3 |  985.7 |
       Dungeon |   2957 |   2950 |      7 |      0 |   2383 |   3 |  985.7 |
               +--------+--------+--------+--------+--------+-----+--------+

Top non-repeatable levels by time:
     D:2: 1395 daAuts
     D:1: 1205 daAuts
     D:3: 355 daAuts
